 Dungeon Sprint DCSS version bcrawl-1.20 (webtiles) character file.

Game seed: 7965529310282152041

2701 Freyura the Basher (level 9, 0/77 HPs)
             Began as a Demonspawn Gladiator on Jan 21, 2020.
             Was an Elder of Lugonu.
             Slain by a komodo dragon (17 damage)
             ... in the Dungeon (Sprint IX: "|||||||||||||||||||||||||||||").
             The game lasted 00:06:29 (685 turns).

Freyura the Basher (Demonspawn Gladiator)            Turns: 685, Time: 00:06:29

Health: 0/77       AC: 23    Str: 17    XL:     9   Next: 38%
Magic:  17/17      EV: 19    Int:  9    God:    Lugonu [****..]
Gold:   0          SH:  0    Dex: 27    Spells: 8/8 levels left

rFire    . . .     SeeInvis .   q - +2 morningstar (protect)
rCold    . . .     Gourm    .   (no shield)
rNeg     . . .     Faith    .   o - +1 chain mail
rPois    .         Spirit   .   c - +0 helmet
rElec    .         Reflect  .   (no cloak)
rCorr    .         Harm     .   a - +2 pair of gloves
MR       .....     NoTele   +   (no boots)
Stlth    ..........             (no amulet)
HPRegen  0.22/turn              p - +3 ring of strength
MPRegen  0.15/turn              r - +3 ring of dexterity

@: agile, protection aura
A: talons 2, powered by pain 2, rot immunity
a: Bend Space, Banish, Corrupt, Renounce Religion


You were in the Dungeon.
You worshipped Lugonu.
Lugonu was greatly pleased with you.
You were hungry.

You visited 1 branch

Inventory:

Hand Weapons
 q - a +2 morningstar of protection (weapon)
Missiles
 d - 3 throwing nets (quivered) {!f}
Armour
 a - a +2 pair of gloves (worn)
 c - a +0 helmet (worn)
 o - a +1 chain mail (worn)
Jewellery
 p - a +3 ring of strength (left hand)
 r - a +3 ring of dexterity (right hand)
Wands
 n - a wand of acid (10)
Scrolls
 k - 4 scrolls of blinking
 l - 3 scrolls of remove curse
 m - 2 scrolls of amnesia
 s - 2 scrolls of identify
Potions
 b - 2 potions of heal wounds
 f - 5 potions of curing
 g - 2 potions of mutation
 h - a potion of haste
 i - 4 potions of magic
 j - a potion of resistance
Comestibles
 e - a ration {!d}


   Skills:
 + Level 9.4 Fighting
 * Level 11.9 Maces & Flails
 - Level 1.7 Throwing
 + Level 8.2 Armour
 + Level 8.7 Dodging
 + Level 11.1 Invocations


You had 8 spell levels left.
You didn't know any spells.
Your spell library was empty.

Dungeon Overview and Level Annotations

Branches:
Dungeon (1/1)

Altars:
Cheibriados
Dithmenos
Elyvilon
Fedhas
Gozag
Hepliaklqana
Kikubaaqudgha
Lugonu
Makhleb
Nemelex Xobeh
Okawaru
Qazlal
Ru
Sif Muna
Trog
Uskayaw
Vehumet
Wu Jian
Xom
Yredelemnul
Zin
The Shining One
Beogh
Jiyva


Innate Abilities, Weirdness & Mutations

You have razor-sharp toenails.
You sometimes gain power by taking damage.
You are immune to rotting.


Message History

You are too injured to fight recklessly!
You are too injured to fight recklessly!
You are too injured to fight recklessly!
You are too injured to fight recklessly!
You are too injured to fight recklessly!
You hit the komodo dragon but do no damage.
You claw the komodo dragon, but do no damage.
The komodo dragon is heavily wounded.
The komodo dragon closely misses you.
You closely miss the komodo dragon. Your kick misses the komodo dragon.
The komodo dragon is heavily wounded.
The komodo dragon bites you!!
* * * LOW HITPOINT WARNING * * *
You focus on the pain.
You feel agile all of a sudden.
You hit the komodo dragon but do no damage.
You claw the komodo dragon, but do no damage.
The komodo dragon is heavily wounded.
The komodo dragon bites you!
You die...

▓.▓.▓.▓
▓.▓.▓(▓
▓.▓.▓)▓
▓.▓.▓)▓
▓'▓.▓.▓
▓_▓.▓.▓
▓_▓.▓.▓
▓_▓.▓.▓
▓_▓.▓@▓
▓_▓.▓l▓
▓_▓.▓t▓
▓_▓.▓l▓
▓_▓.▓S▓
▓_▓.▓.▓
▓_▓.▓.▓
▓_▓.▓.▓
▓_▓.▓


You could see 2 komodo dragons, a water moccasin and a crocodile.

Vanquished Creatures
  A centaur warrior (D)
  A deep elf mage (D)
  A cane toad (D)
  A komodo dragon (D)
  A tengu conjurer (D)
  A troll (D)
  A hungry ghost (D)
  A porcupine (D)
  A phantom (D)
  2 bullfrogs (D)
  A scorpion (D)
  A killer bee (D)
  A wight (D)
  A howler monkey (D)
  A crimson imp (D)
  A worker ant (D)
  An adder (D)
  A leopard gecko (D)
  An orc (D)
  A goblin (D)
  A hobgoblin (D)
  A quokka (D)
  A kobold (D)
  A leopard gecko skeleton (D)
  A leopard gecko zombie (D)
  A rat (D)
27 creatures vanquished.

Notes
Turn   | Place    | Note
-------+----------+-------------------------------------------
     0 | D        | Freyura the Demonspawn Gladiator began the quest for the
                  | Orb.
     0 | D        | Reached XP level 1. HP: 16/16 MP: 1/1
    21 | D        | Reached skill level 1 in Armour
   124 | D        | Noticed a worker ant
   132 | D        | Gained mutation: You have sharp toenails. [demonic
                  | ancestry]
   132 | D        | Reached XP level 2. HP: 23/23 MP: 2/2
   133 | D        | Reached XP level 3. HP: 29/29 MP: 3/3
   141 | D        | Found a roughly hewn altar of Beogh.
   141 | D        | Found a snail-covered altar of Cheibriados.
   141 | D        | Found a shadowy altar of Dithmenos.
   141 | D        | Found a white marble altar of Elyvilon.
   141 | D        | Found a blossoming altar of Fedhas.
   141 | D        | Found an opulent altar of Gozag.
   142 | D        | Found a hazy altar of Hepliaklqana.
   143 | D        | Found a viscous altar of Jiyva.
   144 | D        | Found an ancient bone altar of Kikubaaqudgha.
   145 | D        | Found a corrupted altar of Lugonu.
   146 | D        | Found a burning altar of Makhleb.
   147 | D        | Found a sparkling altar of Nemelex Xobeh.
   148 | D        | Found an iron altar of Okawaru.
   149 | D        | Found a stormy altar of Qazlal.
   150 | D        | Found a sacrificial altar of Ru.
   151 | D        | Found a shimmering blue altar of Sif Muna.
   152 | D        | Found a bloodstained altar of Trog.
   153 | D        | Became a worshipper of Lugonu the Unformed
   154 | D        | Found a hide-covered altar of Uskayaw.
   155 | D        | Found a radiant altar of Vehumet.
   156 | D        | Found an ornate altar of the Wu Jian Council.
   157 | D        | Found a shimmering altar of Xom.
   158 | D        | Found a basalt altar of Yredelemnul.
   159 | D        | Found a glowing silver altar of Zin.
   160 | D        | Found a glowing golden altar of the Shining One.
   177 | D        | Got the +2 scimitar "Jelly's Bane" {freeze, Str-3 Int+2
                  | Dex+3}
   214 | D        | Noticed a troll
   214 | D        | Noticed a scorpion
   214 | D        | Noticed a phantom
   214 | D        | Noticed a killer bee
   228 | D        | HP: 1/29 [troll (9)]
   230 | D        | Killed a troll
   230 | D        | Reached skill level 5 in Fighting
   230 | D        | Reached skill level 5 in Dodging
   230 | D        | Reached skill level 5 in Invocations
   230 | D        | Gained mutation: You have razor-sharp toenails. [demonic
                  | ancestry]
   230 | D        | Reached XP level 4. HP: 29/39 MP: 3/7
   230 | D        | Gained mutation: You sometimes gain a little power by
                  | taking damage. [demonic ancestry]
   230 | D        | Reached XP level 5. HP: 33/44 MP: 3/8
   234 | D        | Reached XP level 6. HP: 40/52 MP: 3/10
   241 | D        | Reached ** piety under Lugonu
   241 | D        | Reached skill level 5 in Armour
   254 | D        | Reached *** piety under Lugonu
   325 | D        | Noticed a tengu conjurer
   325 | D        | Noticed a centaur warrior
   325 | D        | Noticed a hungry ghost
   325 | D        | Noticed a deep elf mage
   337 | D        | Killed a tengu conjurer
   337 | D        | Reached XP level 7. HP: 19/60 MP: 11/13
   347 | D        | Killed a centaur warrior
   347 | D        | Reached skill level 10 in Maces & Flails
   347 | D        | Gained mutation: You are immune to rotting. [demonic
                  | ancestry]
   347 | D        | Reached XP level 8. HP: 24/68 MP: 12/14
   356 | D        | Killed a deep elf mage
   356 | D        | Reached **** piety under Lugonu
   356 | D        | Received a gift from Lugonu
   356 | D        | Reached skill level 10 in Invocations
   654 | D        | Noticed a komodo dragon
   654 | D        | Noticed a cane toad
   654 | D        | Noticed a komodo dragon
   657 | D        | Gained mutation: You sometimes gain power by taking damage.
                  | [demonic ancestry]
   657 | D        | Reached XP level 9. HP: 66/75 MP: 16/16
   663 | D        | Killed a komodo dragon
   663 | D        | Received a gift from Lugonu
   663 | D        | Noticed a komodo dragon
   673 | D        | Killed a cane toad
   679 | D        | Received a gift from Lugonu
   685 | D        | Slain by a komodo dragon

Skill      XL: |  1  2  3  4  5  6  7  8  9 |
---------------+----------------------------+-----
Maces & Flails | 3 4 7 9 10 11 | 11.9
Dodging        | 3 5 6 7 8 |  8.7
Armour         | 1 2 4 6 7 8 |  8.2
Fighting       | 3 5 7 8 9 |  9.4
Invocations    | 5 8 9 10 11 | 11.1
Throwing       | |  1.7

Action                   |  1- 3 |  4- 6 |  7- 9 || total
-------------------------+-------+-------+-------++-------
Melee: Flail             |    25 |       |       ||    25
       Morningstar       |    13 |    33 |    53 ||    99
       Kick              |     7 |     9 |    20 ||    36
  Use: Potion            |     4 |       |     2 ||     6
       Scroll            |       |       |     2 ||     2
 Stab: Invisible         |     2 |     7 |       ||     9
  Eat: Chunk             |       |       |     1 ||     1
Armor: Leather armour    |     3 |       |       ||     3
       Chain mail        |    18 |    24 |    22 ||    64
Dodge: Dodged            |    35 |    27 |    23 ||    85
